 Dungeon Crawl Stone Soup version 0.25-a0-340-ga1faa1601d (webtiles) character file.

Game seed: 7278614965450201418, levelgen mode: deterministic

9 pk666 the Magician (level 2, 0/15 HPs)
             Began as a Deep Elf Wizard on Dec 29, 2019.
             Slain by a jackal (2 damage)
             ... on level 1 of the Dungeon.
             The game lasted 00:00:38 (364 turns).

pk666 the Magician (Deep Elf Wizard)                 Turns: 364, Time: 00:00:38

Health: 0/15       AC:  2    Str:  4    XL:     2   Next: 3%
Magic:  0/9        EV: 13    Int: 22    God:
Gold:   22         SH:  0    Dex: 13    Spells: 9/10 levels left

rFire    . . .     SeeInvis .   c - +0 dagger
rCold    . . .     Gourm    .   (no shield)
rNeg     . . .     Faith    .   a - +0 robe
rPois    .         Spirit   .   b - +0 hat
rElec    .         Reflect  .   (no cloak)
rCorr    .         Harm     .   (no gloves)
MR       .....                  (no boots)
Stlth    ++........             (no amulet)
HPRegen  0.05/turn              (no ring)
MPRegen  0.11/turn              (no ring)

@: no status effects
A: no striking features
a: no special abilities


You were on level 1 of the Dungeon.
You were not hungry.

You visited 1 branch of the dungeon, and saw 1 of its levels.

You collected 22 gold pieces.

Inventory:

Hand Weapons
 c - a +0 dagger (weapon)
Armour
 a - a +0 robe (worn)
 b - a +0 hat (worn)
Potions
 e - a potion of curing {unknown}
Comestibles
 d - 2 rations


   Skills:
 + Level 2.8 Dodging
 - Level 2.4 Stealth
 + Level 4.6 Spellcasting
 + Level 1.5 Conjurations
   Level 1.1 Summonings
   Level 1.1 Translocations


You had 9 spell levels left.
You knew the following spells:

 Your Spells              Type           Power        Failure   Level  Hunger
a - Magic Dart            Conj           ##..         5%          1    None

Your spell library contained the following spells:

 Spells                   Type           Power        Failure   Level  Hunger
 Blink                    Tloc           N/A          10%         2    None
 Call Imp                 Summ           ##......     10%         2    None
 Slow                     Hex            #.......     16%         2    None
 Conjure Flame            Conj/Fire      #.......     22%         3    ##.....
 Mephitic Cloud           Conj/Pois/Air  #.......     26%         3    ##.....


Dungeon Overview and Level Annotations

Branches:
Dungeon (1/15)

Altars:


Message History

Confirm with . or Enter, or press ? or * to list all spells.
Aiming: Magic Dart (safe; 5% risk of failure)
Press: ? - help, Shift-Dir - straight line, f/p - jackal
Aim: a jackal (moderately wounded)
The magic dart hits the jackal.
The jackal is heavily wounded.
The jackal closely misses you. x2
You hit the jackal but do no damage.
The jackal is heavily wounded.
The jackal bites you.
* * * LOW HITPOINT WARNING * * *
You closely miss the jackal.
The jackal is heavily wounded.
The jackal bites you.
* * * LOW HITPOINT WARNING * * *
The jackal bites you but does no damage.
You hit the jackal but do no damage.
The jackal is heavily wounded.
The jackal bites you.
You die...

#.. ##..###.#
###..###.......#.#
.........#.#####.#
.........#.###.#.#
###..###...#...#.# >. #.
##..#.#.#.# #..... #
##...>.#.# #.....#
#.#.###†###.....# #
#..#hh@..........######
....#####...............
..#### #............###
.... #.........(..# ...
#......##....### ##
#.........###.#.
#......#..# ##.#
#......##.# #.#.
#......##.# ##.#


You could see 2 jackals.

Vanquished Creatures
  2 ball pythons (D:1)
  A bat (D:1)
  A giant cockroach (D:1)
  A goblin (D:1)
  A hobgoblin (D:1)
  A jackal (D:1)
7 creatures vanquished.

Notes
Turn   | Place    | Note
-------+----------+-------------------------------------------
     0 | D:1      | pk666 the Deep Elf Wizard began the quest for the Orb.
     0 | D:1      | Reached XP level 1. HP: 10/10 MP: 7/7
   350 | D:1      | Reached XP level 2. HP: 9/15 MP: 0/9
   364 | D:1      | Slain by a jackal

Levels and vault maps discovered:
D:1:      minmay_arrival_nine_rooms, layout_basic, minmay_door_square,
          palyth_stone_intersect, nrook_mini_vaults, minivault_24,
          minmay_tetromino_t4

Action                   || total
-------------------------++-------
Melee: Dagger            ||     5
 Cast: Magic Dart        ||    22
Armor: Robe              ||    12
Dodge: Dodged            ||    18

Table legend:
 A = Non-vault XP
 B = Vault XP
 C = Vault XP percentage of total XP
 D = Non-vault monster count
 E = Vault monster count
 F = Vault count percentage of total count
                 A         B        C        D         E       F
            +---------+---------+-------+---------+---------+-------
      Total |      13 |       0 |   0.0 |       7 |       0 |   0.0
            +---------+---------+-------+---------+---------+-------
        D:1 |      13 |       0 |   0.0 |       7 |       0 |   0.0
            +---------+---------+-------+---------+---------+-------
